AoeStats
← Kool Aid Kid

Arena

506724070Analyzed
2v2 RM · 18d ago on Sep 14, 2026· 22m 37s· 4 players
Game mode
Random Map
Map size
Medium (4 player)
Population
200
Speed
Normal
Resources
Standard
Victory
Conquest
Starting age
Dark Age
Ending age
Imperial Age
RankedLock teamsTeams togetherTeam positionsShared explorationLock speedFull tech treeHidden civsTurbo modeCheats
Victory
Defeat
🇺🇸 Cumans · United States
943
+15
🇺🇸 Bulgarians · United States
939
+15
🇹🇷 Spanish · Türkiye
959
-16
🇹🇷 Turks · Türkiye
898
-14
Lione..
11:29 Feudal Age
15:03 Castle Age
12:54 Double-Bit Axe
16:34 Loom
21:00 Forging
21:22 Horse Collar
yurigagarin
0:26 Loom
10:48 Feudal Age
11:26 Double-Bit Axe
11:22 Horse Collar
Kool Aid Kid
10:23 Feudal Age
13:09 Forging
13:00 Scale Mail Armor
20:21 Arson
reemsauce
10:05 Feudal Age
Connection lost

Rejoining the realm…

Still unreachable

The connection could not be restored.

Session expired

The server has moved on; the page needs a fresh start.